[Event "Early-Titled-Tuesday-Blitz-May-07-2024"]
[Site "Chess.com"]
[Date "2024.05.07"]
[Round "5"]
[White "Baku_Boulevard"]
[Black "juancruzarias"]
[Result "0-1"]
[WhiteElo "3007"]
[BlackElo "2735"]
[TimeControl "180+1"]
[EndTime "8:59:57 PDT"]
[Termination "juancruzarias won by resignation"]

1. e4 c6 2. Ne2 d5 3. e5 c5 4. c3 Nc6 5. d4 cxd4 6. cxd4 Bf5 7. Nbc3 e6 8. Ng3 Bg6 9. Be3 Qb6 10. Qd2 h5 11. h4 Nh6 12. Be2 Nf5 13. Nxf5 Bxf5 14. O-O Be7 15. g3 Rc8 16. Rac1 Bg6 17. Na4 Qb4 18. Qxb4 Bxb4 19. Nc5 Bxc5 20. Rxc5 Kd7 21. Rfc1 a6 22. a3 Na7 23. b4 Nb5 24. a4 Na3 25. f3 Nc2 26. Kf2 Nxb4 27. R1c3 b6 28. Rxc8 Rxc8 29.
Rxc8 Kxc8 30. Bd1 Bc2 31. Ke2 Bxd1+ 32. Kxd1 Nc6 33. g4 g6 34. Kc2 Kd7 35. Kc3 b5 36. axb5 axb5 37. Bd2 Kc7 38. Kd3 b4 39. Ke3 Kb6 40.
Kf4 b3 41. Bc3 Kb5 42. gxh5 gxh5 43. Kg5 Kc4 44. Bb2 Nxd4 45. Kxh5 Nxf3 46. Kg4 Nxh4 47. Kxh4 Kd3 48. Kg5 Kc2 49. Bd4 b2 50. Bxb2 Kxb2 51. Kf6 d4 52. Kxf7 d3 53. Kxe6 d2 54. Kf7 d1=Q 55.
e6 Qf3+ 56. Ke8 Qc6+ 57. Kf7 Qd5 58. Kf6 Qd6 59. Kf7 Qf4+ 60. Ke8 Kc3 61. e7 Kd4 62. Kd7 Qf5+ 63. Kd6 Qc8 0-1

[Event "Early-Titled-Tuesday-Blitz-May-07-2024"]
[Site "Chess.com"]
[Date "2024.05.07"]
[Round "5"]
[White "Valeron87"]
[Black "CrushingKings"]
[Result "1/2-1/2"]
[WhiteElo "2459"]
[BlackElo "2624"]
[TimeControl "180+1"]
[EndTime "8:59:57 PDT"]
[Termination "Game drawn by repetition"]

1. e4 g6 2. d4 Bg7 3. Nc3 c6 4. h3 d5 5. e5 f6 6. Nf3 fxe5 7. Nxe5 Nf6 8. Bg5 O-O 9. Qd2 Nfd7 10. Ng4 Nf6 11. Be2 Bxg4 12. hxg4 Nbd7 13. Bh6 Rf7 14.
Bxg7 Rxg7 15. g5 Ne8 16. f4 Nd6 17. Bg4 Nf8 18. O-O-O Qb6 19. b3 Qb4 20. Qe3 a5 21.
Na4 Ne4 22. Bf3 b5 23. Bxe4 bxa4 24. Bf3 axb3 25. Qxb3 Qd6 26. g3 a4 27. Qc3 Rc8 28. Rhe1 a3 29. Re3 Ra8 30. Rde1 e6 31. Bg4 Rb7 32.
Bxe6+ Kh8 33. Bg4 Rb2 34. Re8 Rxe8 35. Rxe8 Rxa2 36. Re6 Qd8 37. Rxc6 Qe7 38. Rc7 Qe4 39. Rc8 Qh1+ 40. Bd1 Kg8 41. Rc7 Qg1 42. Ra7 Qf2 43. Rxa3 Rxa3 44. Qxa3 Qxd4 45. Qe7 Qa1+ 46. Kd2 d4 47.
Qd6 Qc3+ 48. Kc1 Qa1+ 49. Kd2 Qc3+ 50. Kc1 Qa1+ 51. Kd2 1/2-1/2

[Event "Early-Titled-Tuesday-Blitz-May-07-2024"]
[Site "Chess.com"]
[Date "2024.05.07"]
[Round "5"]
[White "tomesao"]
[Black "sofaceindisguise"]
[Result "0-1"]
[WhiteElo "2509"]
[BlackElo "2746"]
[TimeControl "180+1"]
[EndTime "8:59:58 PDT"]
[Termination "sofaceindisguise won by resignation"]

1. Nf3 d5 2. c4 d4 3. b4 f6 4. e3 e5 5. exd4 exd4 6. c5 Be6 7. Bb2 Nc6 8. Bb5 Kf7 9. Bxc6 bxc6 10. Nxd4 Bd5 11. O-O h5 12. Re1 a5 13. a3 Qd7 14. f3 h4 15. Nc3 h3 16. g3 Ne7 17. Nxd5 Nxd5 18. Qb3 Rb8 19. b5 Bxc5 20. Qc4 Bxd4+ 21. Qxd4 cxb5 22. Rac1 c6 23. Rc5 Rbe8 24.
Rec1 Re6 25. Qg4 Ne7 26. d4 Rd6 27. Qe4 Rd5 28. R5c2 Re8 29. Re1 Nf5 30. Qxe8+ Qxe8 31. Rxe8 Kxe8 32. Rxc6 Nxd4 33. Rc8+ Kd7 34. Rg8 Nxf3+ 35. Kf2 Nxh2 36. Rxg7+ Ke6 37. Bc3 f5 38. Bxa5 Ng4+ 39. Kf3 Rd3+ 40. Kf4 h2 41. Rh7 Ne5 42. Rh6+ Kd5 43.
Rxh2 Rf3+ 44. Kg5 Rxa3 45. Rd2+ Ke6 46. Bb4 Nf3+ 47. Kf4 Nxd2 48. Bxa3 Nc4 49. Bb4 Ne5 50. Ke3 Kd5 51. Ba5 Nc4+ 52. Kf4 Nxa5 53. Kxf5 b4 54.
Kf4 b3 55. Ke3 b2 0-1

[Event "Early-Titled-Tuesday-Blitz-May-07-2024"]
[Site "Chess.com"]
[Date "2024.05.07"]
[Round "5"]
[White "Mikhail_Golubev"]
[Black "aanshnerurkar"]
[Result "1-0"]
[WhiteElo "2624"]
[BlackElo "2485"]
[TimeControl "180+1"]
[EndTime "8:59:58 PDT"]
[Termination "Mikhail_Golubev won by resignation"]

1. e4 c5 2. Nf3 d6 3. d4 cxd4 4. Nxd4 Nf6 5. Nc3 g6 6. Be3 Bg7 7. f3 O-O 8. Qd2 Nc6 9. Bc4 Bd7 10. h4 Ne5 11. Bb3 Rc8 12. h5 Nxh5 13. O-O-O Nf6 14. Bh6 Bxh6 15. Rxh6 Qa5 16. Rdh1 Rxc3 17. bxc3 Kg7 18.
Rxh7+ Nxh7 19. Qh6+ Kf6 20. Qh4+ g5 21. Qxh7 Qxc3 22. Nf5 Nd3+ 23. Kd1 Nb2+ 24. Ke2 Bb5+ 25. Kf2 Qd2+ 26. Kg1 Qc1+ 27. Kh2 Qf4+ 28. g3 Qd2+ 29. Kh3 g4+ 30. Kxg4 Qg5+ 31. Kh3 Bd7 32. f4 Bxf5+ 33.
exf5 Qxf5+ 34. Qxf5+ Kxf5 35. Rb1 b5 36. Rxb2 a6 37.
c3 e6 38. Bc2+ Kf6 39. Bd3 d5 40. Rc2 Rc8 41. Kg2 Ke7 42. Kf3 Kd6 43. g4 Rc7 44. a3 Rc5 45. Ke3 Rc8 46. g5 Ke7 47. Kd4 Kd6 48. Rh2 Rf8 49. Rh7 Ke7 50. g6 Kf6 51. Rxf7+ Rxf7 52. gxf7 Kxf7 53. Ke5 Ke7 54. Be2 1-0

[Event "Early-Titled-Tuesday-Blitz-May-07-2024"]
[Site "Chess.com"]
[Date "2024.05.07"]
[Round "5"]
[White "Rhesh29"]
[Black "Fh2411"]
[Result "1-0"]
[WhiteElo "2390"]
[BlackElo "2524"]
[TimeControl "180+1"]
[EndTime "8:59:58 PDT"]
[Termination "Rhesh29 won on time"]

1. e4 c5 2. Nf3 e6 3. d4 cxd4 4. Nxd4 a6 5. Bd3 Nc6 6. Nb3 Nf6 7. O-O Be7 8. Re1 Qc7 9. N1d2 O-O 10. Nf3 d6 11. h3 b5 12. a3 Bb7 13. Be3 Rac8 14.
Qd2 Rfd8 15. Rac1 Ne5 16. Nxe5 dxe5 17. f3 h6 18. Qf2 Rd7 19. Bb6 Qb8 20. Na5 Ba8 21.
Be3 Nh5 22. Nb3 Rdc7 23. Bf1 Bg5 24. Bxg5 hxg5 25. Qe3 f6 26. Bd3 Nf4 27. g3 Nxd3 28.
cxd3 Rc2 29. Rxc2 Rxc2 30. Re2 Rc7 31. Kg2 Bc6 32. Nc5 Qc8 33. b4 Be8 34. Rc2 Qd8 35. Qf2 Rc6 36. g4 Qc7 37. Rc3 a5 38. Qa2 axb4 39.
axb4 Qd6 40. Qa8 Kf7 41. Qb7+ Kg6 42. Qa8 Kf7 43. Ra3 Rc7 44. Ra7 Rxa7 45. Qxa7+ Kg6 46. Qb7 Qd4 47. Qc8 Qb2+ 48. Kg3 Bf7 49. Qh8 f5 50. Nd7 1-0

[Event "Early-Titled-Tuesday-Blitz-May-07-2024"]
[Site "Chess.com"]
[Date "2024.05.07"]
[Round "5"]
[White "bancsoo"]
[Black "ansko1999"]
[Result "1-0"]
[WhiteElo "2883"]
[BlackElo "2642"]
[TimeControl "180+1"]
[EndTime "8:59:59 PDT"]
[Termination "bancsoo won by resignation"]

1. Nf3 Nf6 2. g3 b6 3. Bg2 Bb7 4. O-O g6 5. d4 Bg7 6. c4 O-O 7. d5 e6 8. Nc3 exd5 9. cxd5 Re8 10. Bf4 Na6 11. Rc1 Rc8 12. Nd4 Nc5 13. b4 Nce4 14. Nxe4 Nxe4 15. Nb5 a6 16. Nxc7 Nc3 17. Rxc3 Bxc3 18.
Nxe8 Qxe8 19. a3 a5 20. b5 Be5 21. Be3 Qd8 22. Qd2 Bd6 23. Qb2 Bc5 24. Bh6 f6 25.
Rc1 d6 26. e4 Rc7 27. Bh3 Bc8 28. Bxc8 Rxc8 29. Kg2 Qe7 30. f3 Re8 31. h4 Qe5 32. Qxe5 fxe5 33. a4 Kf7 34. f4 exf4 35. Rf1 Rxe4 36.
Rxf4+ Rxf4 37. Bxf4 Kf6 38. Kf3 h5 39. Ke4 Bb4 40.
Bg5+ Kf7 41. Bd8 Bc5 42. Kf3 Ke8 43. Bg5 Kf7 44. g4 Kg7 45. Kf4 Kf7 46. Bd8 Bb4 47.
gxh5 gxh5 48. Kg5 Bc5 49. Kxh5 Kg7 50. Kg4 Kg6 51. h5+ Kh6 52. Bg5+ Kg7 53. Kf5 Kf7 54.
h6 Bd4 55. Bf4 Bc5 56. h7 Kg7 57. Ke6 Kxh7 58. Bxd6 1-0

[Event "Early-Titled-Tuesday-Blitz-May-07-2024"]
[Site "Chess.com"]
[Date "2024.05.07"]
[Round "5"]
[White "MITerryble"]
[Black "JeFumeDesClopes"]
[Result "0-1"]
[WhiteElo "3032"]
[BlackElo "2717"]
[TimeControl "180+1"]
[EndTime "9:00:00 PDT"]
[Termination "JeFumeDesClopes won by resignation"]

1. d4 Nf6 2. Bg5 c5 3. d5 d6 4.
Nc3 g6 5. e4 Bg7 6. Nf3 O-O 7.
Nd2 e6 8. Be2 exd5 9. exd5 Re8 10. O-O Nbd7 11. a4 a6 12. Re1 h6 13. Bf4 Ne5 14. h3 b6 15. Bf1 Bb7 16. Bh2 Nxd5 17.
Nce4 Nf6 18. c3 Nxe4 19. Nxe4 d5 20. Nd2 Qd7 21. Qb3 Qc6 22. Rad1 Rad8 23. Bf4 d4 24. Bxe5 Rxe5 25. Rxe5 Bxe5 26. Nf3 Bg7 27. Bc4 Qf6 28. cxd4 Bxf3 29. gxf3 Qg5+ 30. Kf1 Bxd4 31. Qxb6 Re8 32. Qd6 Kg7 33. b3 Re5 34. Qd7 Rf5 35. Rxd4 cxd4 36.
Qxd4+ Qf6 37. Qxf6+ Rxf6 38. a5 Rf5 39. b4 Rxf3 40.
Ke2 Rf4 41. Kd3 Rf6 42. Kd4 Kf8 43. Kc5 Ke7 44. b5 axb5 45. Bxb5 Kd8 46. Bc6 Kc7 47.
Bd5 Rxf2 48. a6 Rf5 49. a7 Rxd5+ 50. Kxd5 Kb7 51. Ke5 f5 52. h4 h5 53. Kf6 f4 54.
Kxg6 f3 55. Kxh5 f2 56. Kh6 f1=Q 57. h5 Qf7 58. Kg5 Qg8+ 59. Kh6 Qh8+ 60. Kg6 Kxa7 61. h6 Kb6 62. h7 Kc6 63. Kf7 Kd7 0-1

[Event "Early-Titled-Tuesday-Blitz-May-07-2024"]
[Site "Chess.com"]
[Date "2024.05.07"]
[Round "5"]
[White "Iball95"]
[Black "miragha_yev"]
[Result "0-1"]
[WhiteElo "2916"]
[BlackElo "2835"]
[TimeControl "180+1"]
[EndTime "9:00:00 PDT"]
[Termination "miragha_yev won by resignation"]

1. e4 c6 2. d4 d5 3. exd5 cxd5 4. c4 Nf6 5. Nc3 Nc6 6. Nf3 a6 7. h3 g6 8. cxd5 Nxd5 9. Bc4 Nxc3 10. bxc3 Bg7 11. O-O O-O 12. Re1 b5 13. Bb3 Bb7 14.
Bg5 Re8 15. Qe2 Qd6 16. Rad1 e6 17. d5 Qc5 18. dxc6 Qxc6 19. c4 h6 20. cxb5 Qxb5 21. Qxb5 axb5 22. Be3 g5 23. Bd4 Rec8 24. Bxg7 Kxg7 25.
Rd7 Bc6 26. Rd2 Bxf3 27. gxf3 Kf6 28. Kg2 Rd8 29. Rxd8 Rxd8 30. Re4 Rc8 31. f4 Rc5 32. fxg5+ Rxg5+ 33. Kf3 Rh5 34. h4 Rc5 35. Rf4+ Kg6 36. Rb4 h5 37. Ke3 e5 38. Bd1 f5 39. f4 e4 40. Be2 Rc2 41. Rxb5 Rxa2 42. Rb6+ Kg7 43.
Bxh5 Rh2 44. Bg6 Rh3+ 45. Ke2 Rxh4 46. Ke3 Rh6 47. Bxf5 Rxb6 48. Bxe4 Kf6 49. Kd4 Rb4+ 50. Ke3 Ra4 51. Kf3 Ra3+ 52. Kg4 Ra1 53. Kf3 Rf1+ 54.
Ke3 Ke6 55. Bd3 Re1+ 56. Kf2 Ra1 57. Be4 Ra3 58. Ke2 Kd6 59. Kf2 Kc5 60. Bf3 Kd4 61.
Kg3 Ke3 62. Bc6 Rc3 63. Bb7 Rc7 64. Bd5 Rg7+ 65. Kh4 Kxf4 66. Kh5 Rg5+ 0-1

[Event "Early-Titled-Tuesday-Blitz-May-07-2024"]
[Site "Chess.com"]
[Date "2024.05.07"]
[Round "5"]
[White "BirdMaster3000"]
[Black "ImportedItalianMaple"]
[Result "0-1"]
[WhiteElo "2621"]
[BlackElo "2506"]
[TimeControl "180+1"]
[EndTime "9:00:01 PDT"]
[Termination "ImportedItalianMaple won on time"]

1. f4 Nh6 2. Nf3 d5 3. d3 Bg4 4. e4 dxe4 5. dxe4 Qxd1+ 6. Kxd1 e5 7. h3 Bxf3+ 8. gxf3 Nc6 9. Bb5 O-O-O+ 10. Bd3 f5 11. Nc3 Bd6 12. Rg1 Rd7 13. exf5 exf4 14. f6 gxf6 15. Ne4 Be5 16. Ke2 Nf5 17. c3 Rhd8 18. Bc4 Re7 19. Bd2 Ng3+ 20. Kd1 Nxe4 21. fxe4 f3 22.
Kc2 Bh2 23. Rh1 Bg3 24. Rag1 Bd6 25. Rf1 Ne5 26. Bb3 Rg7 27. Be3 Kb8 28. Rhg1 Rg2+ 29. Rxg2 fxg2 30. Rxf6 Rf8 31. Rxf8+ Bxf8 32. Kd1 Nf3 33.
Be6 g1=Q+ 34. Bxg1 Nxg1 35. Bg4 h5 36. Bf5 Nf3 37. Ke2 Ne5 38. Ke3 Bd6 39. Kf4 Nc4+ 40. Kg5 Nxb2 41. Kxh5 Nd1 42. c4 Ne3 43. Kg6 Nxc4 44.
h4 b5 45. h5 Be5 46. Be6 Nd6 47. h6 a5 48. Bd5 Ka7 49. Kh7 Kb6 50. Kg8 c6 51. Be6 Nxe4 52. Bf5 Nc5 53. Kf7 b4 54. Kg8 a4 55. h7 b3 56. axb3 axb3 57. Bb1 Na4 0-1

[Event "Early-Titled-Tuesday-Blitz-May-07-2024"]
[Site "Chess.com"]
[Date "2024.05.07"]
[Round "5"]
[White "rk12387"]
[Black "Oleg_Papayan"]
[Result "0-1"]
[WhiteElo "2215"]
[BlackElo "2673"]
[TimeControl "180+1"]
[EndTime "9:00:01 PDT"]
[Termination "Oleg_Papayan won by checkmate"]

1. e4 d5 2. exd5 Qxd5 3. Nc3 Qd8 4. d4 c6 5. Nf3 Bf5 6. Bc4 e6 7. Ne5 Nd7 8. Qf3 Nxe5 9. dxe5 Qd4 10. Qe2 Bb4 11. Bd2 Bxc2 12. O-O Bg6 13. a3 Bxc3 14. Bxc3 Qe4 15. Qxe4 Bxe4 16. b4 Ne7 17. Rfd1 Nd5 18.
Bxd5 Bxd5 19. Rd2 h5 20. h3 h4 21. Rad1 Rh5 22. Bd4 Rg5 23. f4 Rg3 24. Ra1 a5 25. Bc5 axb4 26. Bxb4 b6 27. Rb2 c5 28. Be1 Rgxa3 29.
Rxa3 Rxa3 30. Rxb6 Ra1 31. Kf2 Ra2+ 32. Ke3 Rxg2 33.
Bxh4 Rh2 34. Rb8+ Kd7 35. Rf8 Rxh3+ 36. Kd2 Rxh4 37. Rxf7+ Kc6 38. Rxg7 Rxf4 39. Rg5 Rf5 40. Rg8 Rxe5 41. Rc8+ Kb5 42. Rb8+ Kc4 43. Rh8 Rg5 44. Rh4+ Kb5 45. Kc3 e5 46. Rh8 Rg3+ 47. Kb2 Kc4 48. Rh4+ e4 49. Rh2 Kd4 50. Rd2+ Rd3 51.
Rh2 c4 52. Kc2 c3 53. Rh4 Rd2+ 54. Kc1 Rg2 55. Rf4 Kd3 56. Rf1 Bb3 57. Re1 e3 58. Rh1 Ra2 59. Kb1 c2+ 60. Kc1 Ra1+ 61. Kb2 Rxh1 62. Kxb3 c1=Q 63. Ka2 Rh2+ 64. Kb3 Rb2+ 65. Ka3 Qa1# 0-1

[Event "Early-Titled-Tuesday-Blitz-May-07-2024"]
[Site "Chess.com"]
[Date "2024.05.07"]
[Round "5"]
[White "Lestofante90"]
[Black "Hikaru"]
[Result "0-1"]
[WhiteElo "2969"]
[BlackElo "3240"]
[TimeControl "180+1"]
[EndTime "9:00:02 PDT"]
[Termination "Hikaru won by resignation"]

1. d4 g6 2. e4 Bg7 3. Nc3 a6 4.
Nf3 c6 5. Bd3 d5 6. O-O Bg4 7.
exd5 cxd5 8. h3 Bxf3 9. Qxf3 e6 10. Ne2 Nc6 11. c3 Nge7 12. h4 h6 13. Bf4 b5 14.
b4 O-O 15. Qe3 Nf5 16. Bxf5 exf5 17. g3 a5 18. a3 Re8 19. Qd2 Qe7 20. Rae1 axb4 21.
axb4 Kh7 22. Nc1 Qa7 23. Nd3 f6 24. Nc5 g5 25. Bd6 f4 26. Qd3+ Kg8 27. Qxb5 Rec8 28.
Ne6 Qd7 29. Qxd5 Ne7 30. Qb3 Qxd6 31. Nc7+ Kh8 32. Nxa8 Rxa8 33. Re6 Qd7 34. Rfe1 Ng8 35. b5 fxg3 36. fxg3 Qc7 37. Kg2 gxh4 38. gxh4 Qf4 39. R1e4 Qf5 40. b6 Ra1 41. Re1 Qg4+ 42. Kf2 Qxh4+ 43.
Kf1 Qh1+ 44. Kf2 Ra2+ 45. R6e2 Qh2+ 46. Kf1 Qh3+ 47. Kf2 Qf5+ 48. Kg2 Qg4+ 49. Kf2 Qf4+ 50. Kg2 Ra5 51. d5 Qg4+ 52. Kf2 Qf4+ 53. Kg2 Qg5+ 54. Kf2 Rxd5 55. Re3 Qf4+ 56. Rf3 Rd2+ 57. Re2 Qh2+ 58. Ke3 Qxe2+ 0-1

[Event "Early-Titled-Tuesday-Blitz-May-07-2024"]
[Site "Chess.com"]
[Date "2024.05.07"]
[Round "5"]
[White "MFatigue"]
[Black "BashirovKemal"]
[Result "1-0"]
[WhiteElo "2503"]
[BlackElo "2672"]
[TimeControl "180+1"]
[EndTime "9:00:02 PDT"]
[Termination "MFatigue won by resignation"]

1. e4 c5 2. a3 e5 3. Nc3 Nf6 4. Bc4 Nc6 5. d3 d6 6. f4 Be6 7. fxe5 dxe5 8. Bxe6 fxe6 9. Nf3 Bd6 10. O-O O-O 11.
Bg5 Nd4 12. Nd2 b5 13. a4 a6 14. Ne2 Be7 15. axb5 axb5 16. Rxa8 Qxa8 17. c3 Nxe2+ 18.
Qxe2 Rd8 19. Nf3 c4 20. dxc4 Bc5+ 21. Kh1 Rf8 22. Bxf6 Rxf6 23. cxb5 Qb7 24. b4 Bb6 25. h3 Qe7 26. Nxe5 Bc7 27. Nc6 Rxf1+ 28. Qxf1 Qh4 29.
e5 h5 30. Qe2 Qf4 31. Ne7+ Kf7 32. Nc6 Qc1+ 33. Kh2 Qxc3 34. Qxh5+ Kf8 35. Qf3+ Qxf3 36. gxf3 Bb6 37. Kg3 g6 38. Kf4 Bc7 39. Nd4 g5+ 40.
Ke4 Kf7 41. Nb3 Ke8 42. Nc5 Kf7 43. f4 gxf4 44. Kxf4 Bb6 45. Ke4 Ke7 46. Na4 Bd8 47. Nc5 Bb6 48. h4 Kf7 49. h5 Ba7 50. h6 Kg6 51. Nxe6 Kxh6 52. Kd5 Kg6 53. Kd6 Kf5 54. Nc7 Bd4 55. e6 Bc3 56. Nd5 Be5+ 57. Kd7 1-0

[Event "Early-Titled-Tuesday-Blitz-May-07-2024"]
[Site "Chess.com"]
[Date "2024.05.07"]
[Round "5"]
[White "Evan_Attaker"]
[Black "IndianSchoolOfSuffering"]
[Result "1-0"]
[WhiteElo "2636"]
[BlackElo "2402"]
[TimeControl "180+1"]
[EndTime "9:00:02 PDT"]
[Termination "Evan_Attaker won by resignation"]

1. Nf3 d5 2. c4 e6 3. g3 Nf6 4. Bg2 Be7 5. O-O O-O 6. d4 dxc4 7. Na3 c5 8. dxc5 Qxd1 9. Rxd1 c3 10. bxc3 Bxc5 11.
Nc4 Ne4 12. e3 Nxc3 13. Rd3 Nd5 14. a3 Nc6 15. Bb2 b6 16. Nfe5 Nxe5 17. Nxe5 Ba6 18. Rd2 Rac8 19. Bxd5 Rfd8 20. Bc4 Rxd2 21. Bxa6 Rcd8 22.
Nc4 Rd1+ 23. Rxd1 Rxd1+ 24. Kg2 f6 25. a4 Kf7 26. Bb5 Rb1 27. h4 h5 28. Kf3 g6 29.
Ba3 Bxa3 30. Nxa3 Rb3 31. Nc4 Ke7 32. g4 hxg4+ 33. Kxg4 Rb4 34. Kg3 a6 35. Bxa6 Rxa4 36. Bb5 Rb4 37. Ba6 b5 38. Nd2 Kd7 39. Nf3 Kc7 40.
Nd4 Kb6 41. Bc8 e5 42. Nf3 Kc5 43. Nd2 Rb2 44. Ne4+ Kc6 45. Nxf6 b4 46. Ng4 Rc2 47.
Be6 Kd6 48. Bf7 Rc3 49. Bxg6 b3 50. h5 b2 51. h6 Rc8 52. h7 Ke6 53. Kf3 Rf8+ 54.
Kg3 Ke7 55. Bb1 Rh8 56. Nxe5 Kf8 57. Ng6+ Kg7 58. Nxh8 Kxh8 59. Kf4 Kg7 60. Ke5 Kh8 61. Kd4 Kg7 62. Kc3 Kh8 63. Kxb2 Kg7 64. Kc3 Kh8 65.
Kd4 Kg7 66. e4 Kh8 67. f4 1-0

[Event "Early-Titled-Tuesday-Blitz-May-07-2024"]
[Site "Chess.com"]
[Date "2024.05.07"]
[Round "5"]
[White "Acva-Alenok"]
[Black "Let_it_be_1"]
[Result "1-0"]
[WhiteElo "2349"]
[BlackElo "2611"]
[TimeControl "180+1"]
[EndTime "9:00:02 PDT"]
[Termination "Acva-Alenok won by checkmate"]

1. d4 d5 2. c4 e6 3. Nf3 Nf6 4. g3 Be7 5. Bg2 O-O 6. O-O dxc4 7. Ne5 Nc6 8. Nxc6 bxc6 9. Na3 Bxa3 10. bxa3 Ba6 11.
a4 Qd6 12. Qd2 Rfd8 13. Qa5 Bc8 14. Bf4 Qxd4 15. Bxc6 Bd7 16. Rfd1 Qxa1 17. Rxa1 Bxc6 18. Qc5 Bxa4 19. Qxc4 Be8 20. Rb1 Nd5 21. Be5 f6 22. e4 Nb6 23. Rxb6 cxb6 24. Bc7 Rdc8 25. Qxe6+ Bf7 26. Qd6 Bxa2 27. e5 fxe5 28. Qxe5 Re8 29. Qb2 Bd5 30. Be5 Rac8 31. f3 Re7 32. h4 Bxf3 33.
Kh2 Bd5 34. Qd4 Be6 35. Qd6 Rce8 36. Bf4 h6 37. h5 Kh8 38. Bd2 Bg4 39. Bc3 Re2+ 40.
Kg1 R2e6 41. Qd2 Bxh5 42. Qf4 Kh7 43. Qh4 Bg6 44. Qg4 Re2 45. Qd7 R2e7 46. Qd4 Re6 47. Qxg7# 1-0

[Event "Early-Titled-Tuesday-Blitz-May-07-2024"]
[Site "Chess.com"]
[Date "2024.05.07"]
[Round "5"]
[White "glebus008"]
[Black "FoggyMorning"]
[Result "0-1"]
[WhiteElo "2334"]
[BlackElo "2620"]
[TimeControl "180+1"]
[EndTime "9:00:03 PDT"]
[Termination "FoggyMorning won by checkmate"]

1. a3 d5 2. d4 Nf6 3. Nf3 e6 4. e3 b6 5. b3 Bb7 6. Bb2 Bd6 7. Bd3 c5 8. O-O Nc6 9. Ne5 O-O 10. f4 Ne7 11. Nd2 Rc8 12. Qf3 c4 13. bxc4 dxc4 14.
Qxb7 cxd3 15. cxd3 Ned5 16. Ndc4 Bb8 17. Nc6 Qe8 18. Nxb8 Rxb8 19. Qxa7 b5 20. Ne5 Nxe3 21. Rfc1 Nfd5 22. Nc6 Rc8 23. Qb7 Rc7 24. Qxb5 Nxf4 25. Qe5 Ne2+ 26. Kh1 Nxc1 27. Qxc7 Nxd3 28. Ne7+ Kh8 29.
Bc3 Nf2+ 30. Kg1 Ne4 31. Qe5 Nxc3 32. Qxe3 Nb5 33. Qb3 Nxd4 34. Qb7 Nf5 35. Nxf5 exf5 36. Kh1 Qe5 37. Rb1 h5 38. h3 Qe6 39. a4 Re8 40. a5 Re7 41. Qb8+ Kh7 42. Qb5 Ra7 43. Ra1 Ra6 44. Rb1 g6 45. Kh2 Qd6+ 46. Kh1 Ra8 47. Kg1 Qc7 48. Ra1 Rb8 49. Kf1 Qc3 50. a6 Qxa1+ 51. Kf2 Rxb5 52. a7 Qxa7+ 53. Kg3 Rb3+ 54. Kh2 Qc7+ 55. Kh1 Rb1# 0-1

[Event "Early-Titled-Tuesday-Blitz-May-07-2024"]
[Site "Chess.com"]
[Date "2024.05.07"]
[Round "5"]
[White "Kirill_Klukin"]
[Black "Aswathchess"]
[Result "1/2-1/2"]
[WhiteElo "2850"]
[BlackElo "2636"]
[TimeControl "180+1"]
[EndTime "9:00:04 PDT"]
[Termination "Game drawn by repetition"]

1. d4 Nf6 2. Nf3 c5 3. e3 g6 4. Be2 Bg7 5. O-O O-O 6. dxc5 Na6 7.
a3 Nxc5 8. b4 Nce4 9. Bb2 d6 10.
c4 Bd7 11. Nc3 Nxc3 12. Bxc3 Rc8 13. Rc1 Bc6 14. Nd4 Bd7 15. Qb3 Ne4 16. Be1 b5 17. Qb1 Bxd4 18. exd4 Bf5 19. Bd3 d5 20. cxb5 Rxc1 21.
Qxc1 Ng3 22. fxg3 Bxd3 23. Rf2 Bxb5 24. h4 Qd6 25. Rf3 Bd7 26. Bd2 Rc8 27. Rc3 Rxc3 28. Qxc3 Qe6 29. Bf4 Bb5 30. Kh2 Bc4 31. a4 Qe2 32. b5 f6 33. Qa3 Kf7 34. Bb8 Bd3 35.
Qc1 Be4 36. Qg1 a5 37. bxa6 Qxa6 38. Qd1 Qa5 39. Bf4 Qc3 40. Qd2 Qxd2 41. Bxd2 e5 42. Bc3 Ke6 43. g4 h5 44. gxh5 gxh5 45. Kg3 Bd3 46. a5 Kf5 47. Kf3 Be4+ 48. Kg3 Bd3 49. Kf3 Ba6 50. Ke3 Bc4 51. Be1 Kg4 52. Bf2 Ba6 53.
Be1 Kf5 54. Bc3 Bc4 55. Bb2 Ba6 56. Bc3 1/2-1/2

[Event "Early-Titled-Tuesday-Blitz-May-07-2024"]
[Site "Chess.com"]
[Date "2024.05.07"]
[Round "5"]
[White "PeshkaCh"]
[Black "nihalsarin"]
[Result "0-1"]
[WhiteElo "2882"]
[BlackElo "3142"]
[TimeControl "180+1"]
[EndTime "9:00:06 PDT"]
[Termination "nihalsarin won by checkmate"]

1. Nf3 d5 2. d4 Nf6 3. c4 e6 4. Nc3 a5 5. Bg5 Be7 6. cxd5 exd5 7. e3 O-O 8. Bd3 c6 9. O-O Re8 10. Qc2 h6 11. Bh4 Na6 12. a3 Nc7 13. Ne5 Ng4 14.
Bh7+ Kf8 15. Bxe7+ Qxe7 16. Nxg4 Bxg4 17. Bf5 Bxf5 18.
Qxf5 g6 19. Qd3 Kg7 20. Rac1 h5 21. Rfe1 Ne6 22. Na4 Qf6 23. Nc5 Nxc5 24. Rxc5 a4 25. h3 Re7 26. e4 dxe4 27. Rxe4 Rae8 28. Rxe7 Rxe7 29. Rc1 Rd7 30. Rd1 Rd5 31. Qe4 Qd6 32. Rd3 Qd7 33. Rf3 Rxd4 34. Qe5+ Kg8 35. Qb8+ Kg7 36. Qe5+ Kg8 37. Qb8+ Qd8 38. Qxb7 Rd1+ 39. Kh2 Qd6+ 40. g3 Qd5 41. Qb8+ Kg7 42. Qf4 Rb1 43. Kg2 c5 44. h4 c4 45. Qe3 Rd1 46. Qc3+ Kg8 47. Qf6 Rd3 48. Qf4 Rb3 49. Qf6 c3 50.
bxc3 Rxa3 51. Qf4 Rxc3 52. g4 Qxf3+ 53. Qxf3 Rxf3 54. Kxf3 a3 55. gxh5 a2 56. Kf4 a1=Q 57.
Kg5 Qe5+ 58. Kh6 Qxh5# 0-1

[Event "Early-Titled-Tuesday-Blitz-May-07-2024"]
[Site "Chess.com"]
[Date "2024.05.07"]
[Round "5"]
[White "unbreakablepawn35"]
[Black "ScofieldMichael01"]
[Result "1-0"]
[WhiteElo "2424"]
[BlackElo "2558"]
[TimeControl "180+1"]
[EndTime "9:00:06 PDT"]
[Termination "unbreakablepawn35 won by resignation"]

1. c4 g6 2. Nc3 Bg7 3. Nf3 c5 4. g3 Nc6 5. Bg2 e5 6. O-O Nge7 7. d3 O-O 8. a3 d6 9. Rb1 Rb8 10. Ne1 Be6 11. b4 b6 12. Nc2 Qd7 13. Ne3 Bh3 14. Ncd5 Bxg2 15. Kxg2 Nxd5 16. Nxd5 Ne7 17. Nxe7+ Qxe7 18. e3 f5 19. Bb2 f4 20. exf4 exf4 21. Bxg7 f3+ 22. Kh1 Qxg7 23. Re1 g5 24. Re4 g4 25. Qd2 Rbe8 26. Rbe1 Rxe4 27. Rxe4 Qa1+ 28. Re1 Qf6 29. Qe3 cxb4 30. axb4 Rf7 31. Qe4 Qf5 32. Qd4 h5 33. b5 Qf6 34. Qd5 h4 35. Qe4 Qf5 36. Qxf5 Rxf5 37. Re4 hxg3 38. hxg3 Rg5 39. Kg1 Kf7 40.
Kf1 d5 41. Rf4+ Ke6 42. Ke1 dxc4 43. dxc4 Kd6 44. Kd2 Kc5 45. Kc3 Rg6 46. Rf5+ Kd6 47. Kd4 Re6 48. Rd5+ Kc7 49. Rg5 Re2 50. Rxg4 Rxf2 51.
Rf4 Rf1 52. g4 f2 53. Ke3 Rc1 54. Kxf2 Rc3 55. g5 Rc2+ 56. Kf3 Rc3+ 57. Kg4 Rc1 58. g6 Rg1+ 59. Kf5 Kd6 60. Kf6 a5 61. bxa6 Kc7 62. g7 Kb8 63. Kf7 Ka7 64. g8=Q Kxa6 65. Qxg1 Ka5 1-0

[Event "Early-Titled-Tuesday-Blitz-May-07-2024"]
[Site "Chess.com"]
[Date "2024.05.07"]
[Round "5"]
[White "MarlonJodar"]
[Black "VirtualCoach"]
[Result "0-1"]
[WhiteElo "2279"]
[BlackElo "2148"]
[TimeControl "180+1"]
[EndTime "9:00:07 PDT"]
[Termination "VirtualCoach won by checkmate"]

1. e4 c5 2. Nf3 Nc6 3. d4 cxd4 4.
Nxd4 Nf6 5. Nc3 e5 6. Ndb5 d6 7. Bg5 a6 8. Na3 b5 9. Nd5 Be7 10. Bxf6 Bxf6 11. c4 b4 12. Nc2 Bg5 13. g3 a5 14. Bg2 O-O 15. O-O Be6 16. Qd3 Rb8 17. b3 Ne7 18. Rad1 Kh8 19. Nxe7 Bxe7 20. f4 Bg4 21. Rd2 h6 22. Ne3 Bh5 23. Nf5 exf4 24. gxf4 Re8 25. Nxd6 Bxd6 26. Qxd6 Qh4 27. Qc5 Rbd8 28.
Rxd8 Rxd8 29. Qxa5 Be2 30. Rb1 Rd2 31. Qf5 Bf3 32.
Qc8+ Rd8 33. Qh3 Qxh3 34. Bxh3 Bxe4 35. Re1 Bg6 36. Re2 Rd1+ 37. Kf2 Bd3 38. Re8+ Kh7 39. Rd8 Rd2+ 40. Ke3 Rxh2 41. Bf1 Bxf1 42. c5 Rxa2 43. c6 Rc2 44. Rd6 Bb5 45. Rd4 Rxc6 46. Rxb4 Bf1 47. Kf2 Bh3 48. Ke3 Be6 49. Rb8 h5 50. b4 h4 51. Kf3 Rc3+ 52. Kg2 h3+ 53. Kh2 Rc2+ 54. Kh1 h2 55. Rd8 Bg4 56. Rd3 Bf5 57. Rh3+ Bxh3 58.
b5 Bf5 59. b6 Be4# 0-1

[Event "Early-Titled-Tuesday-Blitz-May-07-2024"]
[Site "Chess.com"]
[Date "2024.05.07"]
[Round "5"]
[White "remyrushbrooke"]
[Black "Kotofeyca"]
[Result "0-1"]
[WhiteElo "2286"]
[BlackElo "2499"]
[TimeControl "180+1"]
[EndTime "9:00:09 PDT"]
[Termination "Kotofeyca won on time"]

1. Nf3 d5 2. g3 c6 3. Bg2 Bg4 4. Ne5 Bh5 5. c4 f6 6. g4 fxe5 7. gxh5 e6 8. d4 e4 9. Nc3 Nf6 10. Bg5 Be7 11. Bxf6 gxf6 12. e3 Rg8 13. Bh3 f5 14.
Qb3 Qb6 15. cxd5 cxd5 16. Nxd5 Qxb3 17. axb3 exd5 18. Bxf5 h6 19. Bc8 Rg7 20. Ke2 Bf8 21.
Rhg1 Rc7 22. Rac1 Kd8 23. Rxc7 Kxc7 24. Rc1+ Nc6 25. Be6 Kd6 26. Bf5 Ne7 27. Bg6 Rc8 28. Rxc8 Nxc8 29. Kd2 Ke6 30. Be8 Bd6 31. h3 Ne7 32.
Bb5 Kf5 33. Be2 Kg5 34. Bg4 Kf6 35. Kc3 Nf5 36. b4 Kg5 37. b5 Ng7 38. Kd2 Nxh5 39. Be6 Nf6 40. Ke2 Kh4 41. f3 exf3+ 42. Kxf3 Kg5 43.
Bc8 b6 44. b3 Bh2 45. Be6 Bg1 46. Bxd5 Nxd5 47. e4 Nc3 48. d5 Bh2 49. Ke3 Nxb5 50. Kd3 Kf4 51. Kc4 Nd6+ 52. Kd4 Nf7 53. e5 Nxe5 54.
d6 Nd7 55. Kd5 Kf5 56. Kc6 Ke6 57. Kb7 Bxd6 58. Kxa7 Bc5 59. Kb7 Nf6 60. Kc6 h5 0-1